 Dungeon Crawl Stone Soup version 0.29-a0-923-g6e406bff71 (webtiles) character file.

Game seed: 8538717858939600759

21 Spectrina the Magician (level 3, -1/25 HPs)
             Began as a Djinni Venom Mage on July 27, 2022.
             Slain by an orc wizard
             ... wielding a +2 dagger of speed
              (2 damage)
             ... on level 3 of the Dungeon.
             The game lasted 00:03:16 (496 turns).

Spectrina the Magician (Djinni Venom Mage)           Turns: 496, Time: 00:03:16

Health: -1/25      AC:  3    Str:  7    XL:     3   Next: 2%
Gold:   68         EV: 12    Int: 18    God:
                   SH:  0    Dex: 13

rFire   + + .      SeeInvis .   e - +0 quarterstaff
rCold   x . .      Faith    .   (shield currently unavailable)
rNeg    . . .      Spirit   .   a - +0 robe
rPois   ∞          Reflect  .   b - +0 helmet
rElec   .          Harm     .   (no cloak)
rCorr   .          Rampage  .   (no gloves)
Will    .....                   (boots unavailable)
Stlth   +.........              (no amulet)
HPRegen 0.08/turn               (no ring)
MPRegen 0.00/turn               (no ring)

@: silenced, flying
A: sickness immunity, fire resistance 2, cold vulnerability 1, float, innate
caster, HP casting, extra vitality 1
a: no special abilities


You were on level 3 of the Dungeon.
You visited 1 branch of the dungeon, and saw 4 of its levels.

You collected 68 gold pieces.

Inventory:

Hand Weapons
 e - a +0 quarterstaff (weapon)
Missiles
 c - 11 poisoned darts (quivered)
Armour
 a - a +0 robe (worn)
 b - a +0 helmet (worn)
Scrolls
 d - 2 scrolls of silence
 g - a scroll of enchant weapon {unknown}
Potions
 f - 2 potions of curing {unknown}


   Skills:
 - Level 2.1 Dodging
 - Level 1.5 Stealth
 + Level 3.1 Spellcasting


You couldn't memorise any spells.
You knew the following spells:

 Your Spells              Type           Power      Damage    Failure   Level
a - Sting                 Tmut/Pois      56%        1d5       4%          1
b - Poisonous Vapours     Pois/Air       28%        N/A       7%          2
c - Mephitic Cloud        Conj/Pois/Air  14%        N/A       13%         3
d - Olgreb's Toxic Radia  Pois           14%        N/A       41%         4
e - Beastly Appendage     Tmut           28%        N/A       4%          1
Your spell library was empty.

Dungeon Overview and Level Annotations

Branches:
Dungeon (4/15)
 Temple: D:4-7

Altars:
Elyvilon
Uskayaw

Annotations:
D:3 Jessica


Innate Abilities, Weirdness & Mutations

You are immune to sickness and miasma.
You are immune to poison.
Your flesh is very heat resistant. (rF++)
You are vulnerable to cold. (rC-)
You float through the air rather than walking.
You learn spells naturally, not from books.
Your magical power is your life essence.
You have superior vitality. (+4 MHP)


Message History

Okay, then.
As you read the scroll labelled ILANAU POCVA, it crumbles to dust.
A profound silence engulfs you.
It was a scroll of silence.
The orc wizard casts a spell.
The orc wizard flickers and vanishes!
Deactivating autopickup; reactivate with Ctrl-A.
The orc hits you but does no damage.
You hit the orc.
The orc is heavily wounded.
The orc hits you with a +0 club.
You hit the orc.
The orc is severely wounded.
The orc barely misses you. x2
You barely miss the orc.
The orc is severely wounded.
The orc hits you with a +0 club.
You hit the orc.
You kill the orc!
You have reached level 3!
Your experience leads to an increase in your attributes!
Increase (S)trength, (I)ntelligence, or (D)exterity?
You feel clever. x2
The power to cast Beastly Appendage wells up from within.
Spell assigned to 'e'.
You barely miss the orc wizard.
The orc wizard hits you with a +2 dagger of speed. x2
You hit the orc wizard.
The orc wizard is heavily wounded.
The orc wizard hits you with a +2 dagger of speed.
The orc wizard barely misses you.
You hit the orc wizard.
The orc wizard is severely wounded.
The orc wizard hits you with a +2 dagger of speed.
* * * LOW HITPOINT WARNING * * *
The orc wizard hits you with a +2 dagger of speed.
* * * LOW HITPOINT WARNING * * *
You completely miss the orc wizard.
The orc wizard is severely wounded.
The orc wizard hits you with a +2 dagger of speed.
You die...

#############
###...........##########
..'...........'.........
###...........##.#######
##############@# #o# #.#
#.# #.# #.# #.#
#.......o.o.o
#..##.#######


You could see an orc wizard.

Vanquished Creatures
  A dart slug (D:1)
  An orc (D:3)
  2 giant cockroaches (D:3)
  4 goblins
  3 hobgoblins (D:1)
  A ball python (D:3)
  2 frilled lizards (D:1)
  A kobold (D:3)
  A rat (D:1)
16 creatures vanquished.

Notes
Turn   | Place    | Note
-------+----------+-------------------------------------------
     0 | D:1      | Spectrina the Djinni Venom Mage began the quest for the
                  | Orb.
     0 | D:1      | Spectrina set off with the following spells memorised:
                  | Sting, Poisonous Vapours, Mephitic Cloud, Olgreb's Toxic
                  | Radiance.
     0 | D:1      | Reached XP level 1. HP: 15/15 MP: 0/0
   144 | D:1      | Reached XP level 2. HP: 12/21 MP: 0/0
   332 | D:3      | Reached skill level 3 in Spellcasting
   365 | D:3      | Found a white marble altar of Elyvilon.
   418 | D:3      | Found a hide-covered altar of Uskayaw.
   479 | D:3      | Noticed Jessica
   493 | D:3      | Reached XP level 3. HP: 18/25 MP: 0/0
   493 | D:3      | Learned a level 1 spell: Beastly Appendage
   495 | D:3      | HP: 1/25 [orc wizard/+2 dagger of speed (3)]
   496 | D:3      | Slain by an orc wizard

Illustrated notes

Levels and vault maps discovered:
D:1:      mrwooster_arrival_statue_3, layout_basic, serial_shops, shop
D:2:      layout_loops_ring, hellmonk_ecumenical_altar_zigzags,
          minmay_hedge_maze, chequers_arboretum
D:3:      cheibrodos_fertilizer, layout_basic, mainiacjoe_overflow_alcove_1,
          mainiacjoe_overflow_concentric_impassable,
          chequers_temple_overflow_minitemple, uniq_jessica, uniq_ijyb
D:4:      layout_rooms, uniq_sigmund, uniq_robin

Skill      XL: |  1  2 |
---------------+-------+-----
Spellcasting   | 3 |  3.1
Dodging        | |  2.1
Stealth        | |  1.5

Action                   || total
-------------------------++-------
Melee: Unarmed           ||     4
       Quarterstaff      ||    11
Throw: Dart              ||     3
 Cast: Sting             ||    20
  Use: Scroll            ||     1
Armor: Robe              ||     3
Dodge: Dodged            ||     8

Table legend: (Time is in decaauts)
 A = Elapsed time spent in this place.
 B = Non-inter-level travel time spent in this place.
 C = Inter-level travel time spent in this place.
 D = Time resting spent in this place.
 E = Time spent auto-exploring this place.
 F = Levels seen in this place.
 G = Mean time per level.
                   A        B        C        D        E       F      G
               +--------+--------+--------+--------+--------+-----+--------+
         Total |    498 |    482 |     16 |      0 |      0 |   4 |  124.5 |
       Dungeon |    498 |    482 |     16 |      0 |      0 |   4 |  124.5 |
               +--------+--------+--------+--------+--------+-----+--------+

Top non-repeatable levels by time:
     D:1: 317 daAuts
     D:3: 170 daAuts
     D:2: 6 daAuts
     D:4: 3 daAuts
